 Dungeon Crawl Stone Soup version 0.31.0-11-ge490571c62 (webtiles) character file.

Game seed: 8101623074057119866

73 qw the Shooter (level 4, -2/22 HPs)
             Began as a Spriggan Hunter on Feb 3, 2024.
             Slain by a gnoll
             ... wielding a +0 spear
              (9 damage)
             ... on level 2 of the Dungeon.
             The game lasted 00:00:05 (1518 turns).

qw the Shooter (Spriggan Hunter)                    Turns: 1518, Time: 00:00:05

Health: -2/22      AC:  2    Str:  7    XL:     4   Next: 8%
Magic:  5/5        EV: 19    Int: 10    God:
Gold:   115        SH:  0    Dex: 20    Spells: 3/3 levels left

rFire   . . .        a - +0 shortbow
rCold   . . .        (shield currently unavailable)
rNeg    . . .        c - +0 robe
rPois   .            (helmet restricted)
rElec   .            (no cloak)
rCorr   .            (gloves unavailable)
SInv    +            (boots unavailable)
Will    .....        (no amulet)
Stlth   ++           (no ring)
HPRegen 0.23/turn    (no ring)
MPRegen 0.09/turn

%: no passive effects
@: very quick
A: very small, no large weapons, unfitting armour, see invisible, speed 3
a: no special abilities


You were on level 2 of the Dungeon.
You visited 1 branch of the dungeon, and saw 2 of its levels.

You collected 115 gold pieces.


Innate Abilities, Weirdness & Mutations

You are very small and have problems with some larger weapons.
You are too small for most types of armour.
You have supernaturally acute eyesight. (SInv)
You cover ground extremely quickly. (Speed+++)


   Skills:
 - Level 1.5 Fighting
 - Level 5.0 Ranged Weapons
 + Level 4.2 Dodging
 - Level 1.5 Stealth


You had 3 spell levels left.
You didn't know any spells.
Your spell library was empty.

Inventory:

Hand Weapons
 a - a +0 shortbow (weapon)
Armour
 c - a +0 robe (worn)
Jewellery
 k - a ring of fire
Scrolls
 b - a scroll of revelation {unknown}
 e - a scroll of identify
 f - 2 scrolls of teleportation {unknown}
 h - a scroll of amnesia {unknown}
 l - a scroll of enchant armour {unknown}
Potions
 d - 2 potions of heal wounds
 g - a potion of degeneration {unknown}
 i - a potion of curing {unknown}
 j - a potion of invisibility {unknown}

Dungeon Overview and Level Annotations

Branches:
Dungeon (2/15)

Altars:

Shops:
D:1 =


Message History

l - a scroll labelled SACIUJIOGU 2 gnolls come into view.
You shoot an arrow. The arrow hits the gnoll!
The gnoll is severely wounded.
You shoot an arrow.
The arrow hits the gnoll but does no damage.
The gnoll is severely wounded.
You shoot an arrow. The arrow hits the gnoll.
The gnoll is severely wounded.
You shoot an arrow. The arrow completely misses the gnoll.
The gnoll shouts!
You hear a shout!
You shoot an arrow. The arrow closely misses the gnoll.
A gnoll comes into view. It is wielding a +0 flail.
Enter note:
Enter note:
Enter note: You shoot an arrow.
The arrow barely misses the gnoll.
The gnoll hits you with a +0 club.
A gnoll comes into view. It is wielding a +0 club.
The gnoll misses you.
You shoot an arrow.
The arrow hits the gnoll but does no damage.
The gnoll is severely wounded.
The gnoll hits you with a +0 club.
You shoot an arrow. The arrow hits the gnoll.
The gnoll is severely wounded.
The gnoll hits you with a +0 club! The gnoll closely misses you.
You shoot an arrow. The arrow hits the gnoll.
The gnoll is almost dead.
The gnoll completely misses you. The gnoll barely misses you.
You shoot an arrow. The arrow hits the gnoll.
You kill the gnoll!
You have reached level 4!
You shoot an arrow. The arrow barely misses the gnoll.
You shoot an arrow. The arrow hits the gnoll.
The gnoll is heavily wounded.
You shoot an arrow. The arrow closely misses the gnoll.
The gnoll hits you from afar with a +0 spear!
You die...

# #.# # #.# .#
## #.# .# .##
#.# .# ..###.#
.# ....<.# g#
..#############
g# .##
#........###g#
##
#.######...@.#
######.#
####...#
.......#
~~~~~~#
########
##...### #####


You could see 3 gnolls.

Vanquished Creatures
  A gnoll (D:2)
  3 adders (D:2)
  A ribbon worm (D:2)
  2 dart slugs (D:2)
  4 ball pythons
  2 endoplasms (D:1)
  3 hobgoblins
  3 quokkas
  5 bats
  A frilled lizard (D:2)
  2 kobolds
  4 rats
31 creatures vanquished.

Notes
Turn   | Place    | Note
-------+----------+-------------------------------------------
     0 | D:1      | qw the Spriggan Hunter began the quest for the Orb.
     0 | D:1      | Reached XP level 1. HP: 10/10 MP: 2/2
     0 | D:1      | 0 ||| qw: Version: 0.3-a-157-g843a77d
     0 | D:1      | 0 ||| qw: Game counter: 3948
     0 | D:1      | 0 ||| qw: Melee chars always use a shield: true
     0 | D:1      | 0 ||| qw: God list: Okawaru
     0 | D:1      | 0 ||| qw: Allow faded altars: false
     0 | D:1      | 0 ||| qw: Do Orc after clearing Dungeon:15 true
     0 | D:1      | 0 ||| qw: Do second Lair branch before Depths: true
     0 | D:1      | 0 ||| qw: Lair rune preference: random
     0 | D:1      | 0 ||| qw: Goals: Normal
     0 | D:1      | 0 ||| PLANNING D:1-11
   104 | D:1      | Reached skill level 3 in Dodging
   316 | D:1      | Reached XP level 2. HP: 14/14 MP: 3/3
   454 | D:1      | Found Gygumat's Jewellery Shoppe.
   463 | D:1      | 463 ||| SHOPLISTING amulet of regeneration (330 gold, have
                  | 42).
   463 | D:1      | 463 ||| SHOPLISTING amulet of the Air {Inacc Air Fly rElec
                  | RMsl} (413 gold, have 42).
   463 | D:1      | 463 ||| SHOPLISTING ring of protection from fire (275 gold,
                  | have 42).
   463 | D:1      | 463 ||| SHOPLISTING ring of willpower (275 gold, have 42).
   849 | D:1      | 849 ||| READING 2 scrolls labelled YTACOTE QILOOD.
   849 | D:1      | 849 ||| IDENTIFYING 2 murky puce potions
   850 | D:1      | 850 ||| READING scroll of identify.
   850 | D:1      | 850 ||| IDENTIFYING scroll labelled GASKESKIUSS
   851 | D:1      | 851 ||| DROPPING scroll of butterflies.
   852 | D:1      | 852 ||| DROPPING scroll of immolation.
   995 | D:2      | Reached XP level 3. HP: 18/18 MP: 4/4
  1011 | D:2      | Found a faded altar of an unknown god.
  1374 | D:2      | Reached skill level 5 in Ranged Weapons
  1516 | D:2      | Reached XP level 4. HP: 7/22 MP: 5/5
  1518 | D:2      | Slain by a gnoll

Levels and vault maps discovered:
D:1:      dpeg_arrival_circle_labyrinth_c, layout_basic, serial_shops,
          nicolae_shop_gaudy_bauble, minivault_25
D:2:      layout_loops_ring, shapermc_ecumenical_altar_ellora,
          chequers_serial_rivers_micro_a, uniq_terence

Skill      XL: |  1  2  3 |
---------------+----------+-----
Dodging        | 3 4 |  4.2
Ranged Weapons | 5 |  5.0
Fighting       | |  1.5
Stealth        | |  1.5

Action                     |  1- 3 |  4- 6 || total
---------------------------+-------+-------++-------
   Fire: Shortbow          |    85 |     3 ||    88
    Use: Scroll            |     2 |       ||     2
 Armour: Robe              |     9 |     1 ||    10
  Dodge: Dodged            |    21 |       ||    21

Table legend:
 A = Non-vault XP
 B = Vault XP
 C = Vault XP percentage of total XP
 D = Non-vault monster count
 E = Vault monster count
 F = Vault count percentage of total count
                 A         B        C        D         E       F
            +---------+---------+-------+---------+---------+-------
      Total |     105 |       0 |   0.0 |      31 |       0 |   0.0
            +---------+---------+-------+---------+---------+-------
        D:1 |      20 |       0 |   0.0 |      13 |       0 |   0.0
        D:2 |      85 |       0 |   0.0 |      18 |       0 |   0.0
            +---------+---------+-------+---------+---------+-------
